 Dungeon Crawl Stone Soup version 0.24-a0-493-g7e4ddcd485 (webtiles) character file.

Game seed: 13209853787087549813

134 Lanoc the Stinger (level 5, 0/28 HPs)
             Began as a Tengu Venom Mage on July 13, 2019.
             Was an Initiate of Qazlal.
             Killed by divine providence
             ... invoked by an orc priest
              (15 damage)
             ... on level 4 of the Dungeon.
             The game lasted 00:05:48 (1153 turns).

Lanoc the Stinger (Tengu Venom Mage)                Turns: 1153, Time: 00:05:49

Health: 0/28       AC:  2    Str:  8    XL:     5   Next: 17%
Magic:  5/9        EV: 16    Int: 17    God:    Qazlal [......]
Gold:   55         SH:  0    Dex: 14    Spells: 2/8 levels left

rFire    . . .     SeeInvis .   (no weapon)
rCold    . . .     Gourm    .   (no shield)
rNeg     . . .     Faith    .   a - +0 robe
rPois    .         Spirit   .   (helmet restricted)
rElec    .         Reflect  .   (no cloak)
rCorr    .         Harm     .   (no gloves)
MR       .....                  (boots unavailable)
Stlth    ++........             (no amulet)
HPRegen  0.09/turn              (no ring)
MPRegen  0.11/turn              (no ring)

@: flying quickly and evasively, quick
A: beak, talons 3, able to fly
a: Stop Flying, Renounce Religion


You were on level 4 of the Dungeon.
You worshipped Qazlal.
Qazlal was noncommittal.
You were hungry.

You visited 1 branch of the dungeon, and saw 3 of its levels.

You collected 55 gold pieces.

Inventory:

Armour
 a - a +0 robe (worn)
Scrolls
 b - a scroll of fog {unknown}
 d - 4 scrolls of magic mapping {unknown}
 e - a scroll of teleportation {unknown}
 g - a scroll of blinking {unknown}
Potions
 f - a potion of lignification {unknown}
Comestibles
 c - a ration


   Skills:
 + Level 3.1 Dodging
 - Level 2.2 Stealth
 - Level 0.2 Unarmed Combat
 - Level 2.2 Spellcasting
 * Level 3.6 Conjurations
 * Level 4.1 Poison Magic


You had 2 spell levels left.
You knew the following spells:

 Your Spells              Type           Power        Failure   Level  Hunger
a - Sting                 Conj/Pois      ###.         3%          1    #......
b - Poisonous Vapours     Pois/Air       #.....       12%         2    ###....
c - Mephitic Cloud        Conj/Pois/Air  ##......     19%         3    ###....

Your spell library contained the following spells:

 Spells                   Type           Power        Failure   Level  Hunger
 Olgreb's Toxic Radiance  Pois           ###.....     32%         4    #####..
 Venom Bolt               Conj/Pois      ###.......   71%         5    ######.


Dungeon Overview and Level Annotations

Branches:
Dungeon (2/15)

Altars:
Qazlal


Innate Abilities, Weirdness & Mutations

You have a beak for a mouth.
You have claws for feet.
You can fly continuously.


Message History

Aim: an orc priest, wielding a +0 whip The sting misses the orc priest.
The orc wizard shouts!
The orc priest mumbles some strange prayers to Beogh against you.
Beogh smites you!
Ouch! That really hurt!
Casting: Sting (safe; 3% risk of failure)
Confirm with . or Enter, or press ? or * to list all spells.
Aiming: Sting (safe; 3% risk of failure)
Press: ? - help, Shift-Dir - straight line, f/p - orc priest
Aim: an orc priest, wielding a +0 whip The sting hits the orc priest.
The orc priest is poisoned.
The orc priest is lightly wounded.
The orc wizard gestures wildly while chanting.
The orc wizard flickers and vanishes!
Deactivating autopickup; reactivate with Ctrl-A.
The orc priest calls down the wrath of Beogh upon you.
Beogh smites you!
Ouch! That really hurt!
You die...

#........#
##..!.o...#
##......)o.
#........o
#........#
#......#.# #l.# #.##
#@# #####
##.####...#####
#...#E#...#E#.###
#.#.###...###...##
#.#..............#
##.##...._..).....#
##
#..##.............##
...#
#...####...###......
#...####
#....#E#...#E#......


You could see an orc priest, an orc wizard and a leopard gecko.

Vanquished Creatures
  Blork the orc (D:4)
  A howler monkey (D:4)
  A worm (D:4)
  An orc (D:4)
  2 ball pythons (D:1)
  A giant cockroach (D:1)
  2 goblins (D:1)
  3 hobgoblins (D:1)
  2 jackals (D:1)
  5 kobolds
  5 bats (D:1)
  A frilled lizard (D:1)
  5 rats (D:1)
30 creatures vanquished.

Notes
Turn   | Place    | Note
-------+----------+-------------------------------------------
     0 | D:1      | Lanoc the Tengu Venom Mage began the quest for the Orb.
     0 | D:1      | Reached XP level 1. HP: 10/10 MP: 4/4
   332 | D:1      | Reached XP level 2. HP: 15/15 MP: 1/6
   626 | D:1      | Reached XP level 3. HP: 15/19 MP: 7/7
   708 | D:2      | You fall into a shaft and drop 2 floors!
   735 | D:4      | Learned a level 2 spell: Poisonous Vapours
   739 | D:4      | Learned a level 3 spell: Mephitic Cloud
   822 | D:4      | Reached XP level 4. HP: 24/24 MP: 4/8
   835 | D:4      | Noticed a fire elemental
   836 | D:4      | Found a stormy altar of Qazlal.
   837 | D:4      | Noticed a water elemental
   837 | D:4      | Noticed an air elemental
   837 | D:4      | Noticed an earth elemental
   848 | D:4      | Noticed Blork the orc
   864 | D:4      | Became a worshipper of Qazlal Stormbringer
   865 | D:4      | Killed Blork the orc
   865 | D:4      | Reached skill level 4 in Poison Magic
   865 | D:4      | Gained mutation: You can fly continuously. [Tengu growth]
   865 | D:4      | Reached XP level 5. HP: 6/28 MP: 1/9
  1153 | D:4      | Killed from afar by an orc priest

Levels and vault maps discovered:
D:1:      erik_arrival_triangle_large, layout_rooms, item_on_display_a
D:2:      layout_rooms, first_ration
D:4:      layout_cave_pods, nicolae_qazlal_style_of_elements, uniq_blork_the_orc

Skill      XL: |  1  2  3  4 |
---------------+-------------+-----
Conjurations   | 2 3 |  3.6
Dodging        | 3 |  3.1
Poison Magic   | 4 |  4.1
Stealth        | |  2.2
Unarmed Combat | |  0.2
Spellcasting   | |  2.2

Action                   |  1- 3 |  4- 6 || total
-------------------------+-------+-------++-------
Melee: Unarmed           |    37 |       ||    37
       Kick              |     7 |       ||     7
       Peck              |     6 |       ||     6
 Cast: Sting             |    35 |    12 ||    47
 Abil: Fly               |       |     1 ||     1
  Eat: Chunk             |       |     1 ||     1
Armor: Robe              |    13 |       ||    13
Dodge: Dodged            |    37 |     1 ||    38

Table legend:
 A = Non-vault XP
 B = Vault XP
 C = Vault XP percentage of total XP
 D = Non-vault monster count
 E = Vault monster count
 F = Vault count percentage of total count
                 A         B        C        D         E       F
            +---------+---------+-------+---------+---------+-------
      Total |     105 |      87 |  45.3 |      29 |       1 |   3.3
            +---------+---------+-------+---------+---------+-------
        D:1 |      39 |       0 |   0.0 |      25 |       0 |   0.0
        D:2 |       1 |       0 |   0.0 |       1 |       0 |   0.0
        D:4 |      65 |      87 |  57.2 |       3 |       1 |  25.0
            +---------+---------+-------+---------+---------+-------
